 Dungeon Sprint DCSS version 0.30-a0-451-ge042605de7 (webtiles) character file.

Game seed: 4233210833273131689

4953 rocky1 the Fighter (level 10, -4/123 HPs)
             Began as an Ogre Gladiator on Dec 12, 2022.
             Was an Initiate of Gozag.
             Slain by an ice devil (13 damage)
             ... in the Dungeon (Sprint VII: "The Pits").
             The game lasted 00:07:32 (2235 turns).

rocky1 the Fighter (Ogre Gladiator)                 Turns: 2235, Time: 00:07:33

Health: -4/123     AC:  3    Str: 24    XL:     10   Next: 53%
Magic:  10/10      EV: 12    Int:  9    God:    Gozag
Gold:   713        SH: 10    Dex: 10    Spells: 9/9 levels left

rFire   . . .      SeeInvis .    u - +2 war axe (vorpal)
rCold   . . .      Faith    .    r - +0 kite shield
rNeg    . . .      Spirit   .    b - +0 robe
rPois   .          Reflect  .    c - +0 hat
rElec   .          Harm     .    (no cloak)
rCorr   .          Rampage  .    (gloves unavailable)
Will    +....      NoTele   +    (boots unavailable)
Stlth   +.........               (no amulet)
HPRegen 0.40/turn                (no ring)
MPRegen 0.12/turn                (no ring)

@: gold aura
A: large, unfitting armour, tough skin 1
a: Renounce Religion, Potion Petition, Call Merchant, Bribe Branch


You were in the Dungeon.
You worshipped Gozag.
Gozag was pleased with you.
You visited 1 branch You collected 2493 gold pieces.
You paid 1780 gold pieces to Gozag.

Inventory:

Hand Weapons
 a - a +0 war axe
 p - a +2 hand axe of freezing
 q - a +2 vorpal flail
 t - a +2 vorpal morningstar
 u - a +2 vorpal war axe (weapon)
Missiles
 d - 2 throwing nets (quivered)
 e - a large rock
 g - a curare-tipped dart
 v - 2 javelins
Armour
 b - a +0 robe (worn)
 c - a +0 hat (worn)
 r - a +0 kite shield (worn)
Jewellery
 j - a +3 ring of strength
 s - a +3 ring of intelligence
Scrolls
 m - 5 scrolls of amnesia
 n - a scroll of butterflies
Potions
 f - 9 potions of curing
 h - a potion of haste
 i - 4 potions of magic
 l - 2 potions of invisibility
 o - 4 potions of heal wounds


   Skills:
 + Level 14.4 Fighting
 + Level 13.2 Axes
 + Level 10.3 Throwing
 + Level 10.9 Dodging
 - Level 1.0 Stealth
 + Level 9.8 Shields


You had 9 spell levels left.
You didn't know any spells.
Your spell library was empty.

Dungeon Overview and Level Annotations

Branches:
Dungeon (1/1)

Altars:
Ashenzari
Cheibriados
Dithmenos
Elyvilon
Fedhas
Gozag
Hepliaklqana
Kikubaaqudgha
Makhleb
Nemelex Xobeh
Okawaru
Qazlal
Ru
Sif Muna
Trog
Uskayaw
Vehumet
Wu Jian
Xom
Yredelemnul
Zin
The Shining One
Jiyva
Lugonu


Innate Abilities, Weirdness & Mutations

You are too large for most types of armour.
You have tough skin. (AC +1)


Message History

You hit the orc.
The orc is heavily wounded.
You slash the orc!
You kill the orc!
You close the door, pushing everything out of the way.
You start resting.
Something unseen breaks down the door.
You closely miss the guardian mummy. You slash the guardian mummy!
The guardian mummy is heavily damaged.
You feel yourself slow down. You block the guardian mummy's attack.
You slash the guardian mummy!
The guardian mummy is almost destroyed.
You slash the guardian mummy!
You destroy the guardian mummy!
You feel extremely nervous for a moment...
Strange energies run through your body.
You start resting.
An ice devil is nearby!
You slash the ice devil!
The ice devil is severely wounded.
The ice devil is distracted by your dazzling golden aura. x2
There is a broken door to the Entrance Hall (Safe) here.
You see here 81 gold pieces.
You slice the ice devil!!
You kill the ice devil!
You barely miss the ice devil.
The ice devil is no longer distracted by gold.
You block the ice devil's attack.
You barely miss the ice devil. The ice devil hits you!
* * * LOW HITPOINT WARNING * * *
The ice devil freezes you!
* * * LOW HITPOINT WARNING * * *
You slash the ice devil!
The ice devil is moderately wounded.
The ice devil hits you.
* * * LOW HITPOINT WARNING * * *
The ice devil freezes you!
You die...
Your body crumbles into a pile of gold.

#_________.#
#_______...###########++#########
##########'##................##..
#.?(.')))'.##......#..#......##..
##########.##................++[.
#.)..)[))...'................++.)
#'#####'#####......#..#......##..
#.#...))#[[##..[4)...........##..
#.#.....#))#####@#####''#########
#.###)###).##...$...##++#####
#.#.....#).##.......##......+ +
#.#.....#..##.......##......+ .+
#.####)##'###...<...##.....##..#
#.#...)....##.......##...###....
#.#........##.......##.4##......
#'###########.......##'ยง#o..#..#
#.......#).###########..M4......


You could see an ice devil.

Vanquished Creatures
  A minotaur (D)
  A death knight (D)
  A flayed ghost (D)
  A deep elf pyromancer (D)
  A manticore (D)
  A kobold demonologist (D)
  A rime drake (D)
  A guardian mummy (D)
  An ice devil (D)
  A spriggan (D)
  Sigmund (D)
  Grum (D)
  A fire bat (D)
  A swamp drake (D)
  A sky beast (D)
  An orc warrior (D)
  A wolf (D)
  A kobold brigand (D)
  A gnoll sergeant (D)
  A scorpion (D)
  A hound (D)
  A quasit (D)
  An iron imp (D)
  Terence (D)
  An iguana (D)
  3 orc wizards (D)
  4 gnolls (D)
  An ufetubus (D)
  6 orcs (D)
  A giant cockroach (D)
  2 goblins (D)
  4 jackals (D)
  A quokka (D)
  A kobold (D)
  A quokka skeleton (D)
  A rat (D)
50 creatures vanquished.

Notes
Turn   | Place    | Note
-------+----------+-------------------------------------------
     0 | D        | rocky1 the Ogre Gladiator began the quest for the Orb.
     0 | D        | Reached XP level 1. HP: 22/22 MP: 1/1
    45 | D        | Found a bloodstained altar of Trog.
    45 | D        | Found a shimmering blue altar of Sif Muna.
    45 | D        | Found a viscous altar of Jiyva.
    45 | D        | Found a hazy altar of Hepliaklqana.
    45 | D        | Found an opulent altar of Gozag.
    46 | D        | Found a glowing golden altar of the Shining One.
    46 | D        | Found a glowing silver altar of Zin.
    46 | D        | Found a basalt altar of Yredelemnul.
    46 | D        | Found a shimmering altar of Xom.
    46 | D        | Found an ornate altar of the Wu Jian Council.
    46 | D        | Found a sacrificial altar of Ru.
    46 | D        | Found a stormy altar of Qazlal.
    46 | D        | Found an iron altar of Okawaru.
    46 | D        | Found a sparkling altar of Nemelex Xobeh.
    46 | D        | Found a burning altar of Makhleb.
    46 | D        | Found a blossoming altar of Fedhas.
    46 | D        | Found a white marble altar of Elyvilon.
    46 | D        | Found a shadowy altar of Dithmenos.
    46 | D        | Found a snail-covered altar of Cheibriados.
    49 | D        | Found a corrupted altar of Lugonu.
    49 | D        | Found a radiant altar of Vehumet.
    50 | D        | Found an ancient bone altar of Kikubaaqudgha.
    50 | D        | Found a hide-covered altar of Uskayaw.
    50 | D        | Found a broken altar of Ashenzari.
    53 | D        | Became a worshipper of Gozag Ym Sagoz the Greedy
    72 | D        | Reached skill level 3 in Fighting
   108 | D        | HP: 1/23 [ufetubus (2)]
   113 | D        | Reached XP level 2. HP: 19/31 MP: 2/2
   169 | D        | Noticed a kobold brigand
   185 | D        | Killed a kobold brigand
   186 | D        | Reached skill level 5 in Fighting
   186 | D        | Reached skill level 5 in Dodging
   186 | D        | Reached XP level 3. HP: 31/42 MP: 3/3
   186 | D        | Reached XP level 4. HP: 37/50 MP: 4/4
   298 | D        | Noticed a gnoll sergeant
   335 | D        | Killed a gnoll sergeant
   336 | D        | Reached skill level 6 in Fighting
   336 | D        | Reached XP level 5. HP: 44/61 MP: 5/5
   369 | D        | Reached skill level 7 in Fighting
   369 | D        | Reached skill level 1 in Stealth
   372 | D        | Noticed a sky beast
   522 | D        | Reached skill level 1 in Shields
   522 | D        | Reached XP level 6. HP: 71/71 MP: 6/6
   590 | D        | Noticed Grum
   597 | D        | Killed Grum
   598 | D        | Reached skill level 8 in Fighting
   598 | D        | Reached XP level 7. HP: 45/81 MP: 7/7
   600 | D        | Noticed Terence
   600 | D        | Noticed Sigmund
   604 | D        | Killed Sigmund
   605 | D        | Reached skill level 9 in Fighting
   605 | D        | Reached skill level 10 in Axes
   605 | D        | Reached skill level 5 in Throwing
   610 | D        | Killed Terence
   910 | D        | Noticed a fire bat
   910 | D        | Noticed a manticore
   917 | D        | Killed a manticore
   918 | D        | Reached skill level 10 in Fighting
   918 | D        | Reached skill level 5 in Shields
   918 | D        | Reached XP level 8. HP: 94/94 MP: 8/8
  1259 | D        | Noticed a spriggan
  1265 | D        | Reached skill level 11 in Fighting
  1265 | D        | Killed a spriggan
  1280 | D        | Noticed a kobold demonologist
  1280 | D        | Noticed a death knight
  1280 | D        | Noticed a minotaur
  1297 | D        | HP: 3/97 [kobold demonologist/+0 dagger (2)]
  1299 | D        | Killed a kobold demonologist
  1300 | D        | Reached XP level 9. HP: 17/106 MP: 9/9
  1302 | D        | Killed a death knight
  1303 | D        | Reached skill level 12 in Fighting
  1480 | D        | Killed a minotaur
  1481 | D        | Reached skill level 13 in Fighting
  1481 | D        | Reached skill level 10 in Dodging
  1737 | D        | Noticed a rime drake
  1737 | D        | Noticed a deep elf pyromancer
  1743 | D        | Killed a rime drake
  1744 | D        | Reached XP level 10. HP: 89/119 MP: 10/10
  1749 | D        | Killed a deep elf pyromancer
  2039 | D        | Noticed a flayed ghost
  2048 | D        | Killed a flayed ghost
  2049 | D        | Reached skill level 14 in Fighting
  2049 | D        | Reached skill level 10 in Throwing
  2181 | D        | HP: 1/122 [ice devil (21)]
  2235 | D        | Slain by an ice devil

Illustrated notes

Levels and vault maps discovered:
D:        pitsprint [storerooms_1, entrance_room_1, metal_vault_4, armoury_2,
          mini_pit_1, grid_room_1, main_hall_1, silver_pit, the_coven_1,
          the_vestibule_1, steel_vault_1, golden_pit, hallway_of_sentries,
          crystal_vault_2, iron_vault_2, final_vault]

Skill      XL: |  1  2  3  4  5  6  7  8  9 10 |
---------------+-------------------------------+-----
Dodging        | 3 5 6 8 9 10 | 10.9
Fighting       | 3 5 6 7 8 10 11 13 14 | 14.4
Axes           | 4 6 8 9 10 11 12 13 | 13.2
Stealth        | 1 |  1.0
Throwing       | 3 4 6 7 9 10 | 10.3
Shields        | 1 3 5 7 8 9 |  9.8

Action                   |  1- 3 |  4- 6 |  7- 9 | 10-12 || total
-------------------------+-------+-------+-------+-------++-------
Melee: War axe           |    48 |       |    28 |    42 ||   118
       Punch             |     1 |       |       |       ||     1
       Hand axe          |       |    60 |    16 |       ||    76
Throw: Javelin           |       |       |     2 |       ||     2
       Dart              |       |       |       |     1 ||     1
       Throwing net      |       |       |       |     1 ||     1
Invok: Potion Petition   |       |     1 |     3 |       ||     4
  Use: Potion            |     2 |     3 |     5 |     4 ||    14
       Scroll            |       |       |       |     1 ||     1
 Stab: Invisible         |       |       |     1 |       ||     1
       Sleeping          |       |       |     1 |       ||     1
       Distracted        |       |       |     1 |       ||     1
Armor: Robe              |    16 |    13 |     2 |     7 ||    38
Dodge: Dodged            |    39 |    24 |    11 |     7 ||    81
Block: Kite shield       |       |    10 |    18 |    12 ||    40

Table legend: (Time is in decaauts)
 A = Elapsed time spent in this place.
 B = Non-inter-level travel time spent in this place.
 C = Inter-level travel time spent in this place.
 D = Time resting spent in this place.
 E = Time spent auto-exploring this place.
 F = Levels seen in this place.
 G = Mean time per level.
                   A        B        C        D        E       F      G
               +--------+--------+--------+--------+--------+-----+--------+
         Total |   2248 |   2191 |     57 |   1549 |      0 |   1 | 2248.0 |
       Dungeon |   2248 |   2191 |     57 |   1549 |      0 |   1 | 2248.0 |
               +--------+--------+--------+--------+--------+-----+--------+

Top non-repeatable levels by time:
       D: 2248 daAuts
